 Dungeon Crawl Stone Soup version 0.29-a0-962-gc8bbfd0a37 (webtiles) character file.

Game seed: 14631167268281851943

28800 freelancePsychic the Fighter (level 13, -4/82 HPs)
             Began as a Deep Elf Venom Mage on July 30, 2022.
             Was an Elder of Vehumet.
             Slain by an eight-headed hydra (11 damage)
             ... on level 5 of the Lair of Beasts.
             The game lasted 00:37:13 (20900 turns).

freelancePsychic the Fighter (Deep Elf Venom Mage) Turns: 20900, Time: 00:37:14

Health: -4/82      AC: 12    Str:  5    XL:     13   Next: 11%
Magic:  0/28       EV: 15    Int: 29    God:    Vehumet [****..]
Gold:   1681       SH:  5    Dex: 15    Spells: 16/31 levels left

rFire   + . .      SeeInvis .   d - +9 rapier of Conversion {drain, Contam rPois rN++ Stlth+}
rCold   . . .      Faith    .   M - +0 buckler
rNeg    + + .      Spirit   .   o - +3 leather armour
rPois   +          Reflect  .   F - +2 hat {Int+3}
rElec   .          Harm     .   x - +2 cloak {rPois}
rCorr   .          Rampage  .   (no gloves)
Will    ++...                   Q - +0 pair of boots
Stlth   +++++.....              (no amulet)
HPRegen 0.23/turn               v - ring of willpower
MPRegen 0.21/turn               E - ring of protection from fire

@: about to teleport, very slightly contaminated
A: no striking features
a: Renounce Religion


You were on level 5 of the Lair of Beasts.
You worshipped Vehumet.
Vehumet was greatly pleased with you.
You visited 3 branches of the dungeon, and saw 17 of its levels.
You also visited: Bailey.

You collected 3029 gold pieces.
You spent 1348 gold pieces at shops.

Inventory:

Hand Weapons
 d - the +9 rapier of Conversion (weapon) {drain, Contam rPois rN++ Stlth+}
   (You took it off a kobold on level 2 of the Dungeon)

   A truly terrible weapon, it drains the life of any living foe it strikes.
   rPois:     It protects you from poison.
   rN:        It greatly protects you from negative energy.
   Contam:    It causes magical contamination when unequipped.
   Stlth:     It makes you more stealthy.
Armour
 o - a +3 leather armour (worn)
 x - a +2 cloak of poison resistance (worn)
 z - a +0 kite shield
 F - a +2 hat of intelligence (worn)
 M - a +0 buckler (worn)
 Q - a +0 pair of boots (worn)
Magical Staves
 s - a staff of cold
Jewellery
 v - a ring of willpower (left hand)
 E - a ring of protection from fire (right hand)
Wands
 g - a wand of iceblast (11)
 p - a wand of quicksilver (6)
 y - a wand of charming (17)
 C - a wand of flame (7)
 G - a wand of polymorph (3)
 J - a wand of digging (1)
Scrolls
 i - a scroll of noise
 j - 5 scrolls of immolation
 l - 2 scrolls of magic mapping
 q - a scroll of butterflies
 r - 2 scrolls of vulnerability
 t - 8 scrolls of teleportation {@r4}
 u - 2 scrolls of enchant armour
 A - 4 scrolls of enchant weapon
 D - 2 scrolls of brand weapon
 L - a scroll of torment
 N - a scroll of silence
 O - a scroll of blinking
Potions
 a - 2 potions of lignification
 b - 7 potions of magic
 e - 5 potions of mutation
 f - 3 potions of heal wounds {@q2}
 h - 4 potions of degeneration
 k - 4 potions of attraction
 m - 3 potions of cancellation
 n - a potion of brilliance
 w - 11 potions of curing {@q1}
 B - a potion of haste {@q3}
 H - 2 potions of might
 I - a potion of berserk rage
 R - a potion of resistance
Miscellaneous
 c - a condenser vane (inert)


   Skills:
 + Level 10.2 Fighting
 - Level 5.0 Short Blades
 - Level 10.0 Dodging
 - Level 10.0 Stealth
 - Level 4.0 Shields
 + Level 9.5 Spellcasting
 + Level 8.1 Conjurations
 - Level 2.3 Translocations
 - Level 1.1 Transmutations
 - Level 3.9 Air Magic
 + Level 6.2 Earth Magic
 - Level 7.5 Poison Magic


You had 16 spell levels left.
You knew the following spells:

 Your Spells              Type           Power      Damage    Failure   Level
a - Sting                 Tmut/Pois      100%       1d8       1%          1
b - Stone Arrow           Conj/Erth      100%       3d13      1%          3
c - Mephitic Cloud        Conj/Pois/Air  51%        N/A       1%          3
d - Olgreb's Toxic Radia  Pois           55%        N/A       1%          4
e - Iskenderun's Mystic   Conj/Tloc      44%        2d10      2%          4

Your spell library contained the following spells:

 Spells                   Type           Power      Damage    Failure   Level
 Sticky Flame             Conj/Fire      37%        2d6       4%          4
 Magic Dart               Conj           100%       1d8       1%          1
 Sandblast                Erth           100%       2d20      1%          1
 Shock                    Conj/Air       100%       1d9       1%          1
 Poisonous Vapours        Pois/Air       92%        N/A       1%          2
 Searing Ray              Conj           100%       2d8       1%          2
 Dazzling Flash           Conj/Hex       74%        N/A       1%          3
 Passwall                 Tmut/Erth      29%        N/A       3%          2
 Airstrike                Air            18%        0-7+      4%          4
 Fulminant Prism          Conj/Hex       18%        3d11      4%          4
 Swiftness                Air            36%        N/A       5%          3
 Gell's Gravitas          Tloc           27%        N/A       10%         3
 Teleport Other           Tloc           27%        N/A       10%         3
 Animate Armour           Summ/Erth      64%        N/A       24%         4
 Tukima's Dance           Hex            13%        N/A       26%         3
 Passage of Golubria      Tloc           27%        N/A       32%         4
 Yara's Violent Unravell  Hex/Tmut       8%         3d5       41%         5
 Silence                  Hex/Air        12%        N/A       71%         5
 Agony                    Necr           13%        N/A       94%         5
 Dispersal                Tloc           13%        N/A       99%         6
 Lehudib's Crystal Spear  Conj/Erth      26%        10d7      99%         8


Dungeon Overview and Level Annotations

Branches:
Dungeon (11/15)            Temple (1/1) D:5            Lair (5/5) D:11
 Shoals (0/4) Lair:3        Snake (0/4) Lair:2          Orc (0/2) D:10
 Bailey (visited)
  Slime: Lair:4-5

Altars:
Ashenzari
Cheibriados
Dithmenos
Elyvilon
Fedhas
Gozag
Hepliaklqana
Kikubaaqudgha
Makhleb
Nemelex Xobeh
Okawaru
Qazlal
Ru
Sif Muna
Trog
Uskayaw
Vehumet
Wu Jian
Xom
Yredelemnul
Zin
The Shining One

Shops:
D:6 *   D:8 *   D:9 :

Annotations:
D:2 Natasha
D:7 4 runed translucent doors, Crazy Yiuf; Spectrina's ghost, novice DjVM
D:11 Fannar
Lair:1 2 transporters


Message History

The eight-headed hydra looks frightened!
The eight-headed hydra resists with some effort.
The blink frog looks frightened!
The komodo dragon looks frightened!
The cane toad looks frightened!
The blink frog blinks! x2
Casting: Iskenderun's Mystic Blast (dangerous; 2% risk of failure)
Confirm with . or Enter, or press ? or * to list all spells.
You erupt in a blast of force!
The mystic blast hits the eight-headed hydra!
The eight-headed hydra is moderately wounded.
The mystic blast hits the plant!
The plant begins to die.
The plant is lightly damaged.
The mystic blast hits the blink frog!
The blink frog is heavily wounded.
Your attack snaps the blink frog out of its fear.
The blink frog is knocked back by the mystic blast.
A polar bear comes into view.
As you read the scroll of teleportation {@r4}, it crumbles to dust.
You feel strangely unstable.
The polar bear growls angrily.
Casting: Iskenderun's Mystic Blast (dangerous; 2% risk of failure)
Confirm with . or Enter, or press ? or * to list all spells.
You erupt in a blast of force!
The mystic blast hits the plant!
The plant is lightly damaged.
The mystic blast hits the blink frog!
The blink frog is almost dead.
The blink frog is knocked back by the mystic blast.
The mystic blast hits the eight-headed hydra!
The eight-headed hydra is heavily wounded.
You hear a loud, deep croak!
The eight-headed hydra bites you!
The eight-headed hydra barely misses you.
The eight-headed hydra bites you!
* * * LOW HITPOINT WARNING * * *
The eight-headed hydra misses you. The eight-headed hydra bites you.
* * * LOW HITPOINT WARNING * * *
The eight-headed hydra barely misses you.
The eight-headed hydra bites you!
* * * LOW HITPOINT WARNING * * *
The eight-headed hydra bites you!
You die...

#P. ##.. ..#
.#. ##h. ... #
..P .. .
##.#.P .# ?..
##.....#..#...
........#..#
.......@..#
.......D..#
.........##
#........##
#.........#
##F....k.##
.....YY.##
#..≈≈≈♣..
#P≈≈≈D≈..P


You could see an eight-headed hydra, an elephant, a polar bear, a yak, a blink
frog and a rime drake.

Vanquished Creatures
  Gastronok (D:9)
  A boulder beetle (D:11)
  2 hydras (Lair:2)
  A catoblepas (Lair:2)
  A two-headed ogre (D:10)
  Sonja (Lair:4)
  Nergalle (Lair:1)
  A moth of wrath (D:8)
  2 cyclopes (D:11)
  A manticore (D:11)
  Joseph (D:9)
  7 cane toads
  An elephant (Lair:4)
  4 kobold demonologists (D:10)
  6 rime drakes
  4 komodo dragons
  An unseen horror skeleton (D:9)
  A hornet (D:7)
  Prince Ribbit (D:6)
  4 polar bears
  13 blink frogs
  A wraith (D:10)
  A shadow (D:11)
  4 wyverns
  23 yaks
  A basilisk (Lair:2)
  A steam dragon (D:8)
  3 wargs (D:11)
  3 nagas (Lair:2)
  10 water moccasins
  5 orc warriors
  3 ice beasts
  An ogre (D:6)
  6 wolves (Lair:3)
  A phantom (D:5)
  3 centaurs
  3 kobold brigands
  A necrophage (D:7)
  11 bullfrogs
  2 gnoll sergeants (D:10)
  A water moccasin zombie (D:5)
  2 scorpions (D:6)
  12 wights
  18 killer bees
  3 electric eels
  6 howler monkeys
  A bullfrog zombie (D:5)
  3 jellies
  A centaur zombie (D:5)
  A human zombie (D:5)
  6 orc priests
  3 hounds
  3 centaur skeletons (D:9)
  5 iguanas
  Jessica (D:2)
  14 orc wizards
  A scorpion zombie (D:5)
  A mummy (D:5)
  A spectral howler monkey (D:9)
  A howler monkey zombie (D:5)
  4 gnolls (D:10)
  8 adders
  A shadow imp (D:5)
  A white imp (D:5)
  An ufetubus (D:4)
  2 worms (D:8)
  4 dart slugs
  35 orcs
  7 ball pythons
  8 endoplasms
  2 giant cockroaches
  12 goblins
  7 hobgoblins
  28 kobolds
  5 quokkas
  7 bats
  5 frilled lizards
  11 rats
  2 butterflies (Lair:1)
372 creatures vanquished.

Vanquished Creatures (others)
  14 fungi
  41 plants
55 creatures vanquished.

Grand Total: 427 creatures vanquished

Notes
Turn   | Place    | Note
-------+----------+-------------------------------------------
     0 | D:1      | freelancePsychic the Deep Elf Venom Mage began the quest
                  | for the Orb.
     0 | D:1      | Reached XP level 1. HP: 10/10 MP: 6/6
   342 | D:1      | Reached XP level 2. HP: 15/15 MP: 6/8
   402 | D:1      | Found a faded altar of an unknown god.
  1261 | D:2      | Noticed Jessica
  1366 | D:2      | Learned a level 2 spell: Poisonous Vapours
  1551 | D:2      | Killed Jessica
  1552 | D:2      | Reached XP level 3. HP: 4/19 MP: 1/10
  2103 | D:2      | Reached XP level 4. HP: 24/24 MP: 1/12
  2441 | D:2      | Identified the +9 rapier of Conversion {drain, Contam rPois
                  | rN++ Stlth+}
  2733 | D:2      | Noticed Natasha
  2929 | D:2      | Reached skill level 1 in Short Blades
  3220 | D:3      | Reached XP level 5. HP: 28/28 MP: 13/13
  3253 | D:3      | Found a glowing golden altar of the Shining One.
  3386 | D:3      | Reached skill level 1 in Fighting
  3480 | D:3      | Found a burning altar of Makhleb.
  3558 | D:3      | Found a blossoming altar of Fedhas.
  3653 | D:3      | Found a sacrificial altar of Ru.
  3839 | D:3      | Became a worshipper of Ru the Awakened
  4222 | D:4      | Learned a level 3 spell: Mephitic Cloud
  4719 | D:5      | Entered Level 5 of the Dungeon
  4728 | D:5      | Reached XP level 6. HP: 34/34 MP: 15/15
  4867 | D:5      | Noticed a water moccasin
  4939 | D:5      | Found a staircase to the Ecumenical Temple.
  4948 | Temple   | Entered the Ecumenical Temple
  5061 | Temple   | Fell from the grace of Ru
  5061 | Temple   | Became a worshipper of Vehumet
  5132 | D:5      | Reached XP level 7. HP: 40/40 MP: 16/16
  5560 | D:5      | Identified the ring "Sejaagemn" {rN+ Dex+2}
  5667 | D:5      | Reached skill level 5 in Short Blades
  5667 | D:5      | Found an ancient bone altar of Kikubaaqudgha.
  5733 | D:5      | HP: 1/42 [wight/+5 scimitar of freezing (2)]
  6169 | D:6      | Found Meuxulow's Assorted Antiques.
  6175 | D:6      | Bought a scroll of blinking for 217 gold pieces
  6235 | D:6      | Reached XP level 8. HP: 48/48 MP: 12/17
  6504 | D:6      | Reached skill level 5 in Spellcasting
  6688 | D:6      | Noticed Prince Ribbit
  6698 | D:6      | Killed Prince Ribbit
  6699 | D:6      | Reached skill level 5 in Fighting
  6699 | D:6      | Reached skill level 1 in Conjurations
  6699 | D:6      | Reached skill level 1 in Air Magic
  6699 | D:6      | Reached skill level 5 in Poison Magic
  7076 | D:7      | Reached * piety under Vehumet
  7076 | D:7      | Offered knowledge of Sandblast by Vehumet.
  7307 | D:7      | Noticed a hornet
  7317 | D:7      | Reached XP level 9. HP: 54/54 MP: 20/20
  7641 | D:7      | Found an iron altar of Okawaru.
  7700 | D:7      | Found a runed translucent door.
  7701 | D:7      | Noticed Crazy Yiuf
  7840 | D:7      | You fall into a shaft and drop 1 floor!
  7973 | D:8      | Learned a level 4 spell: Olgreb's Toxic Radiance
  8075 | D:8      | Found Dynats's Overcharged Wands.
  8221 | D:8      | Noticed a moth of wrath
  8243 | D:8      | Killed a moth of wrath
  8244 | D:8      | Reached skill level 5 in Stealth
  8260 | D:8      | Found a bloodstained altar of Trog.
  8421 | D:8      | Found a shimmering altar of Xom.
  8483 | D:8      | Offered knowledge of Scorch by Vehumet.
  8487 | D:8      | Reached ** piety under Vehumet
  8934 | D:9      | Noticed Joseph
  8941 | D:9      | Killed Joseph
  8942 | D:9      | Reached XP level 10. HP: 59/61 MP: 22/22
  8982 | D:9      | Noticed Gastronok
  9207 | D:9      | Killed Gastronok
  9879 | D:9      | Reached skill level 5 in Dodging
 10475 | D:9      | Found Gifiax's Book Shoppe.
 10479 | D:9      | Bought a book of Armaments for 612 gold pieces
 10553 | D:10     | Entered Level 10 of the Dungeon
 10559 | D:10     | Found a staircase to the Orcish Mines.
 10576 | D:10     | Offered knowledge of Inner Flame by Vehumet.
 10584 | D:10     | Noticed an orange demon
 10592 | D:10     | Noticed a smoke demon
 10595 | D:10     | Reached *** piety under Vehumet
 10600 | D:10     | Found a flagged portal.
 10603 | D:10     | Reached XP level 11. HP: 20/68 MP: 11/23
 10605 | Bailey   | Entered a bailey
 10835 | Bailey   | Noticed an orc warlord
 10857 | Bailey   | Found the +5 scythe "Finisher" {speed, eviscerate}
 10913 | Bailey   | Found a runed translucent gate.
 10914 | Bailey   | Found a runed translucent gate.
 10916 | Bailey   | Found a runed translucent gate.
 10937 | Bailey   | Offered knowledge of Iskenderun's Mystic Blast by Vehumet.
 10945 | Bailey   | Acquired 1163 gold pieces
 11045 | Bailey   | Learned a level 4 spell: Iskenderun's Mystic Blast
 11295 | D:10     | Acquired 498 gold pieces
 11464 | D:10     | Noticed a two-headed ogre
 11581 | D:10     | Killed a two-headed ogre
 11582 | D:10     | Reached skill level 1 in Translocations
 11695 | D:10     | Found an opulent altar of Gozag.
 11929 | D:10     | Found a glowing silver altar of Zin.
 12081 | D:9      | Learned a level 3 spell: Stone Arrow
 12440 | D:9      | Reached skill level 5 in Conjurations
 12495 | D:9      | Found a sparkling altar of Nemelex Xobeh.
 12957 | D:6      | Bought a scroll of teleportation for 87 gold pieces
 12957 | D:6      | Bought a potion of heal wounds for 145 gold pieces
 12957 | D:6      | Bought 3 scrolls of teleportation for 261 gold pieces
 12957 | D:6      | Bought a purple potion for 26 gold pieces
 12997 | D:7      | Noticed a +0 hand axe
 12998 | D:7      | Noticed a +0 dagger
 12999 | D:7      | Found a hide-covered altar of Uskayaw.
 13073 | D:7      | Found a broken altar of Ashenzari.
 13121 | D:7      | Found a runed translucent gate.
 13121 | D:7      | Found a runed translucent gate.
 13121 | D:7      | Found a runed translucent gate.
 13122 | D:7      | Found an opulent altar of Gozag.
 13123 | D:7      | Noticed a two-headed ogre
 13123 | D:7      | Noticed Spectrina's ghost (novice DjVM)
 13650 | D:11     | Noticed a boulder beetle
 13653 | D:11     | Reached skill level 10 in Stealth
 13669 | D:11     | Killed a boulder beetle
 13669 | D:11     | Reached **** piety under Vehumet
 13993 | D:11     | Noticed Fannar
 14039 | D:11     | Found a staircase to the Lair.
 14047 | D:11     | Offered knowledge of Sticky Flame by Vehumet.
 14067 | D:11     | Reached skill level 1 in Earth Magic
 15014 | Lair:1   | Entered Level 1 of the Lair of Beasts
 15048 | Lair:1   | Reached skill level 1 in Shields
 15916 | Lair:1   | Found a transporter.
 16045 | Lair:1   | Reached XP level 12. HP: 75/76 MP: 5/24
 16080 | Lair:1   | Noticed Nergalle
 16199 | Lair:1   | Killed Nergalle
 16692 | Lair:1   | Found a transporter.
 17355 | Lair:2   | Found a staircase to the Snake Pit.
 17444 | Lair:2   | Noticed a four-headed hydra
 17516 | Lair:2   | Noticed a four-headed hydra
 17520 | Lair:2   | Noticed a catoblepas
 17522 | Lair:2   | Killed a four-headed hydra
 17587 | Lair:2   | Killed a four-headed hydra
 17863 | Lair:2   | Killed a catoblepas
 18362 | Lair:3   | Identified the +10 shortbow "Oxet" {freeze, rF- MP+9 Dex+5
                  | SInv}
 18616 | Lair:3   | Found a staircase to the Shoals.
 18717 | Lair:3   | Reached skill level 10 in Fighting
 18923 | Lair:3   | Reached skill level 5 in Earth Magic
 19498 | Lair:4   | Reached skill level 10 in Dodging
 19907 | Lair:4   | Noticed Sonja
 19941 | Lair:4   | Reached XP level 13. HP: 71/82 MP: 8/28
 20056 | Lair:4   | Killed Sonja
 20776 | Lair:5   | Entered Level 5 of the Lair of Beasts
 20900 | Lair:5   | Slain by an eight-headed hydra

Illustrated notes

Levels and vault maps discovered:
D:1:      dpeg_arrival_houses_and_road, layout_basic,
          ebering_ecumenical_altar_box, chequers_mini_garden,
          minmay_crystal_room, grunt_decor_clamped, minmay_door_square
D:2:      layout_loops_ring, serial_bayou, serial_bayou_pond_d,
          serial_bayou_pond_b, serial_bayou_lake_a, serial_bayou_pond_d,
          serial_park_tiny_pond, minmay_bisected, uniq_jessica, uniq_natasha
D:3:      layout_basic, bloody_makhleb, nicolae_ru_the_path_less_chosen,
          nicolae_tso_carved_into_rock, mainiacjoe_overflow_alcove_2,
          st_stairs_9
D:4:      layout_basic
D:5:      layout_loops_ring, lemuel_mausoleum_altar_kikubaaqudgha,
          minmay_temple_entry_stoned_glass
D:6:      layout_loops_ring, serial_shops, shop, uniq_prince_ribbit1
D:7:      layout_basic, lemuel_coloured_pillars_altar,
          mainiacjoe_overflow_tiny_flanked, dancing_weapons_uskayaw,
          ebering_ghost_gozag, uniq_crazy_yiuf_cottage
D:8:      layout_basic, tgw_trog, lemuel_doored_altar,
          nicolae_shop_overcharged_wands
D:9:      layout_basic, old_standard_altar, serial_shops, nicolae_shop_stone,
          hangedman_weighted_door, uniq_joseph, uniq_gastronok
D:10:     layout_cave_pools, pdpol_temple_overflow_zin_treasury_gozag_greed,
          orc_0_dummy, serial_park, serial_park_gazebo
          [serial_park_minivault_5x5_5], serial_park_square3
          [serial_park_minivault_5x5_7], serial_park_tiny_1, serial_park_tiny_1,
          enter_bailey_3
D:11:     layout_loops_ring, erik_lair_orcish_takeover, st_stairs_10,
          uniq_fannar
Temple:   kb_temple_of_zot
Lair:1:   gammafunk_cloud_chamber, layout_layer_cave, serial_bayou_shore_a,
          grunt_megastairs_5, lemuel_fruit_fields, serial_bayou_shore_b,
          uniq_nergalle
Lair:2:   layout_concentric_octagons, minmay_snake_entry_guardpost_small,
          grunt_megastairs_1
Lair:3:   layout_misc_corridors, elwin_shoals_entry_rocks
Lair:4:   layout_misc_corridors, uniq_sonja
Lair:5:   due_jungle_book, layout_cave_pods, minmay_slime_entry_oklob_enclosed,
          serial_bayou, serial_bayou_pond_c, serial_bayou_pond_e,
          serial_bayou_pond_b, serial_bayou_pond_d, ebering_ghost_rock_garden,
          basic_altar, minmay_hedge_maze

Skill      XL: |  1  2  3  4  5  6  7  8  9 10 11 12 13 |
---------------+----------------------------------------+-----
Stealth        | 3 6 9 10 | 10.0
Spellcasting   | 4 6 7 9 |  9.5
Poison Magic   | 4 5 7 |  7.5
Short Blades   | 1 2 4 5 |  5.0
Fighting       | 1 2 4 5 6 8 9 10 | 10.2
Conjurations   | 3 4 5 7 8 |  8.1
Air Magic      | 2 3 |  3.9
Dodging        | 6 8 10 | 10.0
Translocations | 2 |  2.3
Earth Magic    | 3 5 6 |  6.2
Shields        | 2 4 |  4.0
Transmutations | |  1.1

Action                   |  1- 3 |  4- 6 |  7- 9 | 10-12 | 13-15 || total
-------------------------+-------+-------+-------+-------+-------++-------
Melee: Unarmed           |     6 |     1 |       |       |       ||     7
       Rapier            |       |    75 |   132 |   209 |    21 ||   437
       Punch             |       |       |       |     2 |       ||     2
 Cast: Sting             |    53 |     7 |       |       |       ||    60
       Poisonous Vapours |    14 |    23 |    56 |    28 |       ||   121
       Mephitic Cloud    |       |       |    11 |    23 |     3 ||    37
       Olgreb's Toxic Ra |       |       |       |    52 |     1 ||    53
       Stone Arrow       |       |       |       |   154 |     7 ||   161
       Iskenderun's Myst |       |       |       |    15 |    13 ||    28
Evoke: Wand              |       |       |     4 |     8 |       ||    12
       Condenser vane    |       |       |       |     1 |       ||     1
  Use: Potion            |     1 |       |       |    11 |     1 ||    13
       Scroll            |       |     9 |     2 |    17 |     7 ||    35
 Stab: Sleeping          |       |    22 |    20 |     4 |     1 ||    47
       Confused          |       |       |     5 |     5 |     2 ||    12
       Distracted        |       |       |       |     1 |       ||     1
Armor: Robe              |     6 |     7 |       |       |       ||    13
       Leather armour    |       |    18 |    44 |   112 |    15 ||   189
Dodge: Dodged            |    19 |    46 |    55 |   238 |    24 ||   382
Block: Buckler           |       |       |       |    20 |     3 ||    23

Table legend: (Time is in decaauts)
 A = Elapsed time spent in this place.
 B = Non-inter-level travel time spent in this place.
 C = Inter-level travel time spent in this place.
 D = Time resting spent in this place.
 E = Time spent auto-exploring this place.
 F = Levels seen in this place.
 G = Mean time per level.
                   A        B        C        D        E       F      G
               +--------+--------+--------+--------+--------+-----+--------+
         Total |  20972 |  19882 |   1090 |   1210 |  15529 |  18 | 1165.1 |
       Dungeon |  14364 |  13525 |    839 |    924 |  10414 |  11 | 1305.8 |
        Temple |    141 |     93 |     48 |      0 |     80 |   1 |  141.0 |
          Lair |   5892 |   5689 |    203 |    250 |   4740 |   5 | 1178.4 |
        Bailey |    574 |    574 |      0 |     36 |    294 |   1 |  574.0 |
               +--------+--------+--------+--------+--------+-----+--------+

Top non-repeatable levels by time:
     D:9: 2442 daAuts
  Lair:1: 2403 daAuts
     D:2: 1821 daAuts
  Lair:4: 1770 daAuts
    D:11: 1501 daAuts
     D:8: 1258 daAuts
     D:1: 1239 daAuts
     D:4: 1176 daAuts
     D:5: 1012 daAuts
     D:6: 1010 daAuts
    D:10: 1007 daAuts
     D:7: 974 daAuts
  Lair:2: 955 daAuts
     D:3: 920 daAuts
  Lair:3: 744 daAuts
